 Dungeon Crawl Stone Soup version 0.25-a0-339-gb37b713 (webtiles) character file.

Game seed: 14951860181675379417, levelgen mode: deterministic

68 Birdy the Covered (level 4, -1/31 HPs)
             Began as a Halfling Fighter on Dec 28, 2019.
             Was an Initiate of Wu Jian.
             Killed by nerve-wracking pain
             ... invoked by Grinder
              (12 damage)
             ... on level 3 of the Dungeon.
             The game lasted 00:03:23 (961 turns).

Birdy the Covered (Halfling Fighter)                 Turns: 961, Time: 00:03:24

Health: -1/31      AC:  8    Str: 22    XL:     4   Next: 41%
Magic:  4/4        EV: 10    Int:  6    God:    Wu Jian [......]
Gold:   37         SH: 10    Dex: 14    Spells: 3/3 levels left

rFire    . . .     SeeInvis +   a - +0 long sword
rCold    . . .     Gourm    .   c - +0 shield
rNeg     . . .     Faith    .   b - +0 scale mail
rPois    .         Spirit   .   (no helmet)
rElec    .         Reflect  .   j - +0 cloak (curse)
rCorr    .         Harm     .   (no gloves)
MR       .....                  (no boots)
Stlth    ..........             (no amulet)
HPRegen  0.10/turn              k - ring of wizardry
MPRegen  0.09/turn              l - ring of see invisible

@: mighty
A: small, mutation resistance 1
a: Renounce Religion


You were on level 3 of the Dungeon.
You worshipped Wu Jian.
Wu Jian was noncommittal.
You were hungry.

You visited 1 branch of the dungeon, and saw 3 of its levels.

You collected 37 gold pieces.

Inventory:

Hand Weapons
 a - a +0 long sword (weapon)
Armour
 b - a +0 scale mail (worn)
 c - a +0 shield (worn)
 g - a +1 robe of positive energy
 h - a +0 leather armour
 j - a cursed +0 cloak (worn)
Jewellery
 k - a ring of wizardry (left hand)
 l - a ring of see invisible (right hand)
Scrolls
 e - a scroll of identify
 i - a scroll of remove curse
 m - a scroll of amnesia
Comestibles
 f - 4 rations


   Skills:
 - Level 3.0 Fighting
 + Level 2.5 Long Blades
 + Level 3.8 Armour
 + Level 1.8 Dodging
 + Level 3.8 Shields


You had 3 spell levels left.
You didn't know any spells.
Your spell library was empty.

Dungeon Overview and Level Annotations

Branches:
Dungeon (3/15)

Altars:
Wu Jian

Annotations:
D:3 Grinder


Innate Abilities, Weirdness & Mutations

You are small and have problems with some larger weapons.
You are somewhat resistant to further mutation.


Message History

You lunge at Grinder.
You completely miss Grinder.
Grinder is severely wounded.
A goblin comes into view.
Grinder closely misses you.
You hit Grinder.
Grinder is severely wounded.
You feel a little less mighty now. Grinder hits you!
You writhe in agony.
You slash Grinder!
Grinder is almost dead.
Grinder gestures at you. Pain shoots through your body!
You feel very mighty all of a sudden.
Grinder blinks!
You lunge at the goblin.
You slash the goblin!
You kill the goblin!
The Council accepts your kill. Grinder gestures at you.
Pain shoots through your body!
You die...

#.............._.######
#.......####...........
#.......####...........
#......................
#......................
#..........5)..........
#.......##.....).......
#.......##......#######
#..........@....#####
#....................
#....................
#....................
#.<÷.................
#÷†.......###........
#.........# #........
#.........# #........
########### #........


You could see Grinder.

Vanquished Creatures
  2 adders
  A worm (D:2)
  2 giant cockroaches
  7 goblins
  6 hobgoblins
  6 jackals
  5 kobolds (D:1)
  5 bats
  5 frilled lizards
  A quokka zombie (D:3)
  5 rats (D:1)
45 creatures vanquished.

Notes
Turn   | Place    | Note
-------+----------+-------------------------------------------
     0 | D:1      | Birdy the Halfling Fighter began the quest for the Orb.
     0 | D:1      | Reached XP level 1. HP: 15/15 MP: 1/1
   103 | D:1      | Reached XP level 2. HP: 20/20 MP: 2/2
   333 | D:1      | Reached XP level 3. HP: 22/25 MP: 3/3
   335 | D:1      | Reached skill level 1 in Dodging
   611 | D:2      | Reached XP level 4. HP: 31/31 MP: 4/4
   909 | D:3      | Found an ornate altar of the Wu Jian Council.
   911 | D:3      | Noticed Grinder
   915 | D:3      | Paralysed by Grinder for 3 turns
   926 | D:3      | Became a worshipper of the Wu Jian Council
   945 | D:3      | Paralysed by Grinder for 7 turns
   961 | D:3      | Killed from afar by Grinder

Levels and vault maps discovered:
D:1:      minmay_arrival_loop, layout_loops_ring
D:2:      minmay_angry_zag, layout_basic, kennysheep_slug_shrine, first_ration
D:3:      layout_basic, lemuel_coloured_pillars_altar,
          overflow_temple_1_default, uniq_grinder

Skill      XL: |  1  2  3 |
---------------+----------+-----
Dodging        | 1 |  1.8
Fighting       | 3 |  3.0
Long Blades    | |  2.5
Armour         | |  3.8
Shields        | |  3.8

Action                   |  1- 3 |  4- 6 || total
-------------------------+-------+-------++-------
Melee: Long sword        |    94 |    47 ||   141
Invok: Lunge             |       |     2 ||     2
  Use: Scroll            |     2 |     2 ||     4
       Potion            |       |     4 ||     4
Armor: Scale mail        |    48 |    25 ||    73
Dodge: Dodged            |    51 |    25 ||    76
Block: Shield            |    70 |    41 ||   111
       Rpst.: Long sword |    18 |    13 ||    31

Table legend:
 A = Non-vault XP
 B = Vault XP
 C = Vault XP percentage of total XP
 D = Non-vault monster count
 E = Vault monster count
 F = Vault count percentage of total count
                 A         B        C        D         E       F
            +---------+---------+-------+---------+---------+-------
      Total |      98 |       0 |   0.0 |      45 |       0 |   0.0
            +---------+---------+-------+---------+---------+-------
        D:1 |      38 |       0 |   0.0 |      25 |       0 |   0.0
        D:2 |      36 |       0 |   0.0 |      13 |       0 |   0.0
        D:3 |      24 |       0 |   0.0 |       7 |       0 |   0.0
            +---------+---------+-------+---------+---------+-------
